 Dungeon Crawl Stone Soup version 0.22-a0-833-g8522bf8 (webtiles) character file.

136 inc the Conjurer (level 4, -1/30 HPs)
             Began as a Mummy Fire Elementalist on July 25, 2018.
             Was a Follower of Ashenzari.
             Slain by a centaur (2 damage)
             ... on level 3 of the Dungeon.
             The game lasted 00:04:18 (3186 turns).

inc the Conjurer (Mummy Fire Elementalist)          Turns: 3186, Time: 00:04:18

Health: -1/30      AC: 11    Str: 11    XL:     4   Next: 98%
Magic:  0/8        EV: 12    Int: 15    God:    Ashenzari [*.....]
Gold:   69         SH:  0    Dex: 12    Spells: 0/8 levels left

rFire    x . .     SeeInvis .   n - +2 flail (protect)
rCold    + . .     Gourm    .   (no shield)
rNeg     + + +     Faith    .   a - +0 robe
rPois    ∞         Spirit   .   l - +0 helmet (curse)
rElec    .         Reflect  .   (no cloak)
rCorr    .         Harm     .   (no gloves)
MR       .....                  (no boots)
Stlth    ++........             (no amulet)
HPRegen  0.10/turn              b - +1 ring of protection (curse)
MPRegen  0.11/turn              (no ring)

@: protection aura, very slightly contaminated
A: no food or potions, fire vulnerability, cold resistance 1, negative energy
resistance 3, torment resistance, unbreathing
a: Curse Item, Scrying, Renounce Religion


You were on level 3 of the Dungeon.
You worshipped Ashenzari.
Ashenzari was aware of your devotion.
You were not hungry.

You visited 1 branch of the dungeon, and saw 3 of its levels.

You collected 69 gold pieces.

Inventory:

Hand Weapons
 d - a +0 dagger
 i - a +0 vampiric dagger
 n - a +2 flail of protection (weapon)
Armour
 a - a +0 robe (worn)
 l - a cursed +0 helmet (worn)
Jewellery
 b - a cursed +1 ring of protection (left hand)
Scrolls
 c - 3 scrolls of teleportation
 e - a scroll of remove curse
 f - a scroll of amnesia
 g - 2 scrolls of enchant weapon
 h - a scroll of immolation
 j - 2 scrolls of identify


   Skills:
 - Level 1.5 Dodging
 - Level 1.5 Stealth
 - Level 2.6 Spellcasting
 + Level 3.7 Conjurations
 + Level 2.8 Fire Magic


You couldn't memorise any spells.
You knew the following spells:

 Your Spells              Type           Power        Failure   Level  Hunger
a - Flame Tongue          Conj/Fire      ##...        5%          1    N/A
b - Conjure Flame         Conj/Fire      ##......     16%         3    N/A
c - Sticky Flame          Conj/Fire      ##......     47%         4    N/A

Your spell library contained the following spells:

 Spells                   Type           Power        Failure   Level  Hunger
 Fireball                 Conj/Fire      ##........   83%         5    N/A
 Throw Flame              Conj/Fire      ##....       9%          2    N/A
 Inner Flame              Hex/Fire       #.......     34%         3    N/A

Dungeon Overview and Level Annotations

Branches:
Dungeon (3/15)

Altars:
Ashenzari
Qazlal


Innate Abilities, Weirdness & Mutations

You do not eat or drink.
Your flesh is vulnerable to fire.
You are immune to poison.
Your flesh is cold resistant. (rC+)
You are immune to negative energy. (rN+++)
You are immune to unholy pain and torment.
You can survive without breathing.


Message History

You can't drink.
Unknown command.
You hit the centaur.
Your weapon exudes an aura of protection.
The centaur is moderately wounded.
The centaur barely misses you.
The centaur hits you but does no damage.
Unknown command.
Casting: Sticky Flame (very dangerous; 47% risk of failure)
Confirm with . or Enter, or press ? or * to list all spells.
You don't have enough magic to cast that spell.
Casting: Sticky Flame (very dangerous; 47% risk of failure)
Confirm with . or Enter, or press ? or * to list all spells.
You don't have enough magic to cast that spell.
Unknown command.
Unknown command.
You barely miss the centaur.
The centaur is moderately wounded.
The centaur closely misses you. The centaur hits you.
You die...

## .. ##### ##.#
#.... #..# ..#....
#..### ## #.'....
#.... #.###....
#c.# #. #.... #@.#
#.. #....
#(.###.###..##....
#......... +......
#..###... ##.##'#
##.# . #.##'# #.#
#..... #.# #.....
#.# #.....
#.##########.....


You could see a centaur.

Vanquished Creatures
  4 adders
  4 gnolls
  A dart slug (D:1)
  A leopard gecko (D:3)
  6 orcs
  4 bats
  10 goblins
  7 hobgoblins
  A quokka (D:3)
  A ball python (D:3)
  5 frilled lizards
  3 kobolds
  9 rats
56 creatures vanquished.

Notes
Turn   | Place    | Note
-------+----------+-------------------------------------------
     0 | D:1      | inc the Mummy Fire Elementalist began the quest for the Orb.
     0 | D:1      | Reached XP level 1. HP: 13/13 MP: 4/4
    89 | D:1      | Reached skill level 1 in Conjurations
   234 | D:1      | Reached XP level 2. HP: 4/19 MP: 0/5
   517 | D:1      | Found a shattered altar of Ashenzari.
   569 | D:1      | Reached skill level 2 in Conjurations
   608 | D:1      | Became a worshipper of Ashenzari the Shackled
  1027 | D:2      | Reached XP level 3. HP: 24/24 MP: 4/7
  1054 | D:2      | Found a stormy altar of Qazlal.
  1289 | D:2      | Reached skill level 3 in Conjurations
  1640 | D:2      | Reached XP level 4. HP: 30/30 MP: 6/8
  2062 | D:2      | HP: 1/30 [gnoll/club (11)]
  2137 | D:2      | Learned a level 3 spell: Conjure Flame
  2142 | D:2      | Learned a level 4 spell: Sticky Flame
  3149 | D:3      | Reached * piety under Ashenzari
  3176 | D:3      | Noticed a centaur
  3184 | D:3      | HP: 1/30 [centaur (8)]
  3186 | D:3      | Slain by a centaur

Vault maps used:
D:1:      saegor_arrival_miasma, minmay_misc_feat_four_crosses,
          ashenzari_altar_1
D:2:      old_standard_altar
D:3:      lemuel_doored_altar

Skill      XL: |  1  2  3 |
---------------+----------+-----
Conjurations   | 1 2 3 |  3.7
Dodging        | |  1.5
Stealth        | |  1.5
Spellcasting   | |  2.6
Fire Magic     | |  2.8

Action                   |  1- 3 |  4- 6 || total
-------------------------+-------+-------++-------
Melee: Dagger            |    18 |    12 ||    30
       Flail             |       |     2 ||     2
 Cast: Flame Tongue      |    49 |    66 ||   115
Invok: Curse Item        |     1 |     1 ||     2
  Use: Scroll            |       |     4 ||     4
Armor: Robe              |    15 |    10 ||    25
Dodge: Dodged            |    30 |    31 ||    61

Table legend:
 A = Spawn XP
 B = Non-spawn XP
 C = Spawn XP percentage of total XP
 D = Spawn monster count
 E = Non-spawn monster count
 F = Spawn count percentage of total count
 G = Total turns spent on level
                    A         B        C        D         E        F      G
               +---------+---------+-------+---------+---------+-------+---------
         Total |       0 |     195 |   0.0 |       0 |      56 |   0.0 |  3186
               +---------+---------+-------+---------+---------+-------+---------
           D:1 |       0 |      36 |   0.0 |       0 |      14 |   0.0 |  1024
           D:2 |       0 |      86 |   0.0 |       0 |      23 |   0.0 |  1484
           D:3 |       0 |      73 |   0.0 |       0 |      19 |   0.0 |   678
               +---------+---------+-------+---------+---------+-------+---------
